 Dungeon Crawl Stone Soup version 0.26.1-11-gd32895ea62 (webtiles) character file.

Game seed: 3435039811197552973

152499 Zeld the Pandemonic (level 17, -4/162 HPs)
             Began as a Deep Dwarf Fighter on June 2, 2021.
             Was a High Priest of Makhleb.
             Slain by a nagaraja (13 damage)
             ... on level 2 of the Snake Pit on June 3, 2021.
             The game lasted 00:59:34 (33185 turns).

Zeld the Pandemonic (Deep Dwarf Fighter)           Turns: 33185, Time: 00:59:35

Health: -4/162     AC: 20    Str: 33    XL:     17   Next: 2%
Magic:  0/11       EV: 17    Int: 12    God:    Makhleb [*****.]
Gold:   480        SH: 15    Dex: 12    Spells: 16/16 levels left

rFire    . . .     SeeInvis +   a - +7 war axe (venom)
rCold    . . .     Faith    .   c - +0 kite shield
rNeg     + . .     Spirit   +   T - +0 swamp dragon scales
rPois    +         Reflect  .   V - +2 helmet of Osurhib {Str+6 Int+3}
rElec    .         Harm     .   s - +2 cloak {rCorr}
rCorr    +         Rampage  .   E - +2 pair of gloves
Will     ++...                  G - +2 pair of boots "Solewnutz" {Stlth+}
Stlth    ++........             h - amulet of guardian spirit
HPRegen  0.00/turn              K - ring of see invisible
MPRegen  0.12/turn              (no ring)

@: marked, non-regenerating, studying 2 skills
A: damage resistance, heal wounds, negative energy resistance 1, sense
surroundings 2, no regeneration
a: Heal Wounds, Renounce Religion, Minor Destruction, Lesser Servant of Makhleb,
Major Destruction, Greater Servant of Makhleb


You were on level 2 of the Snake Pit.
You worshipped Makhleb.
Makhleb was extremely pleased with you.
You visited 6 branches of the dungeon, and saw 28 of its levels.
You also visited: Sewer and Ice Cave.

You collected 4378 gold pieces.
You spent 3898 gold pieces at shops.

Inventory:

Hand Weapons
 a - a +7 war axe of venom (weapon)
 b - a +0 war axe of flaming
Missiles
 z - 96 poisoned darts (quivered)
 C - 4 throwing nets
 F - 3 javelins
 H - 7 atropa-tipped darts
 O - 15 silver javelins
Armour
 c - a +0 kite shield (worn)
 s - a +2 cloak of preservation (worn)
 E - a +2 pair of gloves (worn)
 G - the +2 pair of boots "Solewnutz" (worn) {Stlth+}
   (You found it on level 15 of the Dungeon)

   It makes you more stealthy.
 M - a +4 plate armour
 T - +0 swamp dragon scales (worn)
 V - the +2 helmet of Osurhib (worn) {Str+6 Int+3}
   (You found it on level 6 of the Dungeon)

   It affects your strength (+6).
   It affects your intelligence (+3).
Jewellery
 h - an amulet of guardian spirit (around neck)
 K - a ring of see invisible (left hand)
 Y - the ring "Cenem" {Wiz rC- Str+5, unknown}
   (You found it on level 3 of the Snake Pit)

   [ring of wizardry]

   It improves your spell success rate.
   It affects your strength (+5).
   It makes you vulnerable to cold.
Wands
 e - a wand of polymorph (28)
 p - a wand of flame (69)
 v - a wand of digging (7)
 x - a wand of disintegration (60)
 y - a wand of acid (13)
 R - a wand of iceblast (23)
 S - a wand of paralysis (5)
 U - a wand of enslavement (9)
Scrolls
 g - 19 scrolls of remove curse
 i - 17 scrolls of teleportation
 j - 4 scrolls of blinking
 m - a scroll of holy word
 o - a scroll of amnesia
 t - 7 scrolls of fear
 u - 4 scrolls of magic mapping
 N - a scroll of summoning
 P - a scroll of acquirement
 W - a scroll of identify
Potions
 d - 3 potions of might
 f - 7 potions of brilliance
 k - 3 potions of haste
 l - 2 potions of resistance
 n - 7 potions of heal wounds
 q - 18 potions of curing
 r - 2 potions of magic
 w - 2 potions of flight
 B - a potion of ambrosia
 D - a potion of cancellation {unknown}
 Q - a potion of invisibility
Books
 A - a manual of Translocations
 X - a manual of Invocations
Miscellaneous
 I - a lightning rod (4/4)
 J - a phial of floods
 L - a box of beasts


   Skills:
 * Level 12.6 Fighting
 - Level 16.0 Axes
 - Level 6.0 Throwing
 - Level 3.2 Armour
 + Level 10.4 Dodging
 - Level 15.0 Shields
 * Level 18.0 Invocations
 + Level 12.0 Evocations


You had 16 spell levels left.
You didn't know any spells.
Your spell library contained the following spells:

 Spells                   Type           Power        Failure   Level
 Animate Skeleton         Necr           0%           41%         1
 Apportation              Tloc           0%           41%         1
 Corona                   Hex            0%           41%         1
 Magic Dart               Conj           0%           41%         1
 Pain                     Necr           0%           41%         1
 Summon Small Mammal      Summ           0%           41%         1
 Blink                    Tloc           N/A          56%         2
 Call Imp                 Summ           0%           56%         2
 Ensorcelled Hibernation  Hex/Ice        0%           56%         2
 Slow                     Hex            0%           56%         2
 Sublimation of Blood     Necr           0%           56%         2
 Confusing Touch          Hex            0%           80%         3
 Conjure Flame            Conj/Fire      0%           80%         3
 Gell's Gravitas          Tloc           0%           80%         3
 Inner Flame              Hex/Fire       0%           80%         3
 Mephitic Cloud           Conj/Pois/Air  0%           80%         3
 Portal Projectile        Hex/Tloc       0%           80%         3
 Vampiric Draining        Necr           0%           80%         3
 Animate Dead             Necr           0%           99%         4
 Cause Fear               Hex            0%           99%         4
 Leda's Liquefaction      Hex/Erth       0%           99%         4
 Petrify                  Tmut/Erth      0%           99%         4
 Agony                    Necr           0%           100%        5
 Borgnjor's Vile Clutch   Necr/Erth      0%           100%        5
 Metabolic Englaciation   Hex/Ice        0%           100%        5
 Silence                  Hex/Air        0%           100%        5
 Yara's Violent Unravell  Hex/Tmut       0%           100%        5
 Shadow Creatures         Summ           N/A          100%        6
 Malign Gateway           Summ/Tloc      0%           100%        7


Dungeon Overview and Level Annotations

Branches:
Dungeon (15/15)            Temple (1/1) D:4            Lair (6/6) D:9
  Swamp (1/4) Lair:3        Snake (3/4) Lair:2        Slime (0/5) Lair:6
    Orc (2/2) D:11            Elf (0/3) Orc:2        Vaults (0/5) D:14
 Depths (0/5) D:15          Sewer (visited)           IceCv (visited)

Altars:
Ashenzari
Cheibriados
Dithmenos
Elyvilon
Fedhas
Gozag
Hepliaklqana
Kikubaaqudgha
Makhleb
Nemelex Xobeh
Okawaru
Qazlal
Ru
Sif Muna
Trog
Uskayaw
Vehumet
Wu Jian
Xom
Yredelemnul
Zin
The Shining One
Beogh

Shops:
D:4 ?   D:7 *   D:13 [   Orc:2 }=}?

Portals:
Abyss: D:8 D:9


Innate Abilities, Weirdness & Mutations

You are resistant to damage.
You can heal yourself by infusing magical energy.
You resist negative energy. (rN+)
You passively map the area around you.
You do not regenerate.


Message History

You collide with the shock serpent!
* * * LOW HITPOINT WARNING * * *
The shock serpent's electric aura discharges, shocking the nagaraja!
The shock serpent bites you!
* * * LOW HITPOINT WARNING * * *
The shock serpent shocks you!
* * * LOW HITPOINT WARNING * * *
A mana viper comes into view.
The naga misses you.
Unknown command.
You are too injured to fight recklessly!
Unknown command.
You are too injured to fight recklessly!
You feel much better.
The shock serpent shoots out a bolt of lightning at you!
The bolt of electricity hits you!!
* * * LOW HITPOINT WARNING * * *
The shock serpent bites you but does no damage.
The nagaraja hits you!
You die...

, ,, ,,, ,, , ,
##.............
, ,
............S..
, *
...............
, ,
.......$......,
, ,,,
##...........= ,
,
##....NN......#
, ,
......NNN....##
,, , * ,
.S.....@.......
,,, *
,##.....S#......
, ,, #........
...S.,* * ,,
.#........,#.#.,
* , *...#...?...
,.., , * ##
......... ., ,,
, ..........., ,
* ,
............. ,
≈ * , , ,, , , ≈


You could see a naga warrior, a nagaraja (catching breath), 2 shock serpents, a
mana viper, a black mamba, a naga mage (fast) and 2 nagas.

Vanquished Creatures
  Asterion (Snake:1)
  Agnes (D:15)
  Kirke (Lair:3)
  Frances (Swamp:1)
  A thorn hunter (Swamp:1)
  The ghost of queenofzan the Severer, a journeyman MiBe of Trog (Lair:6)
  A minotaur (Lair:3)
  2 bunyips (Swamp:1)
  Snorg (Orc:1)
  An eleionoma (Swamp:1)
  An ogre mage (D:14)
  4 vault guards (D:14)
  4 naga warriors (Snake:1)
  5 boulder beetles
  6 hydras
  Erolcha (D:10)
  The ghost of DemonSlayer the Slicer, a journeyman HuBe of Trog (D:10)
  4 catoblepae
  2 centaur warriors
  3 alligators (Swamp:1)
  A ghost crab (Swamp:1)
  7 anacondas
  The ghost of Contigo the Spear-Bearer, a novice MiBe of Trog (D:9)
  8 death yaks
  9 two-headed ogres
  A death knight (D:15)
  7 shock serpents
  5 naga sharpshooters
  The ghost of Contigo the Basher, a novice MiGl of Gozag (D:8)
  A spark wasp zombie (D:15)
  5 skeletal warriors
  2 wizards
  A naga ritualist (Snake:1)
  An unseen horror (D:11)
  A lindwurm (Lair:6)
  A wolf spider zombie (D:15)
  Pikel (D:7)
  A deep elf mage (D:14)
  2 orc knights (Orc:2)
  A swamp dragon (Swamp:1)
  2 mana vipers (Snake:1)
  10 orc sorcerers
  A necromancer (D:15)
  2 wolf spiders
  3 manticores
  2 moths of wrath (Lair:6)
  3 salamanders
  16 ugly things
  A toenail golem (D:9)
  4 cyclopes
  A guardian serpent (Snake:3)
  2 ice statues (IceCv)
  5 naga magi
  12 elephants
  18 black mambas
  5 centaur zombies
  2 cane toads (shapeshifter)
  7 gargoyles
  15 cane toads
  11 komodo dragons
  5 trolls
  2 polar bears
  A hornet (Swamp:1)
  Prince Ribbit (D:7)
  A harpy skeleton (D:15)
  11 blink frogs
  A wolf spider simulacrum (D:12)
  6 slime creatures (D:14)
  3 tyrant leeches (Swamp:1)
  A fire dragon zombie (D:15)
  12 dream sheep
  2 small abominations
  Sigmund (D:2)
  32 yaks
  2 spriggans
  5 wyverns
  2 wraiths
  9 basilisks
  A hog (Swamp:1)
  11 vampire mosquitoes
  Menkaure (D:7)
  5 nagas
  3 wargs (Orc:2)
  2 swamp worms (Swamp:1)
  20 water moccasins
  A hornet zombie (D:15)
  12 ice beasts
  21 orc warriors
  A swamp drake (Lair:3)
  An eye of draining (D:12)
  2 phantoms
  13 ogres
  7 black bears
  A necrophage (D:10)
  10 wolves
  4 lemures (D:7)
  23 centaurs
  5 big kobolds
  A gnoll sergeant (D:9)
  23 bullfrogs
  2 wyvern skeletons
  A water moccasin zombie (D:10)
  4 scorpions
  A water moccasin skeleton (D:8)
  13 wights
  4 killer bees
  A troll skeleton (D:11)
  5 spriggan skeletons (D:11)
  2 howler monkeys
  2 bullfrog zombies
  A quasit (D:7)
  5 jellies (Lair:6)
  Crazy Yiuf (D:2)
  8 centaur skeletons
  12 orc priests
  7 hounds
  7 iguanas
  An iron imp (D:8)
  42 orc wizards
  Jessica (D:2)
  2 bullfrog skeletons (D:5)
  4 hell rats (Lair:6)
  9 worker ants
  A howler monkey zombie (D:8)
  8 gnolls
  21 adders
  A river rat (D:6)
  5 shadow imps
  16 white imps
  2 ufetubi
  19 oozes
  9 worms
  4 dart slugs
  18 leopard geckos
  112 orcs
  15 giant cockroaches
  8 goblins
  8 hobgoblins
  14 jackals
  31 kobolds
  4 quokkas
  17 ball pythons
  7 bats
  14 frilled lizards
  A jackal zombie (D:5)
  A leopard gecko skeleton (D:6)
  A leopard gecko zombie (D:6)
  8 rats
966 creatures vanquished.

Vanquished Creatures (collateral kills)
  Nessos (Lair:4)
  The ghost of Ruicvywi the Grappler, a journeyman OgTm of Okawaru (Lair:3)
  A catoblepas (Lair:1)
  9 hydras
  A shock serpent (Snake:1)
  2 skeletal warriors
  A flayed ghost (D:15)
  A tengu zombie (D:15)
  An ugly thing (IceCv)
  A fire giant zombie (D:15)
  2 manticores
  2 cyclopes (D:14)
  An ice statue (IceCv)
  2 cane toads
  A blink frog (Lair:6)
  4 yaks (Lair:4)
  2 vampire mosquitoes (D:14)
  A water moccasin (Lair:3)
  An eye of draining (D:14)
  A centaur (D:15)
  3 bullfrogs
  An iguana (Lair:3)
40 creatures vanquished.

Vanquished Creatures (others)
  2 bloated husks (Swamp:1)
  2 humans (Swamp:1)
  A yak (Lair:6)
  3 orc wizards (Orc:2)
  An orc (Orc:2)
  26 fungi
  37 plants
  2 withered plants (D:15)
74 creatures vanquished.

Grand Total: 1080 creatures vanquished

Notes
Turn   | Place    | Note
-------+----------+-------------------------------------------
     0 | D:1      | Zeld the Deep Dwarf Fighter began the quest for the Orb.
     0 | D:1      | Reached XP level 1. HP: 20/20 MP: 1/1
   133 | D:1      | Reached XP level 2. HP: 24/27 MP: 2/2
   623 | D:1      | Reached XP level 3. HP: 22/33 MP: 3/3
  1168 | D:2      | Found a runed translucent door.
  1169 | D:2      | Noticed Crazy Yiuf
  1434 | D:2      | Noticed Sigmund
  1442 | D:2      | Killed Sigmund
  1443 | D:2      | Reached XP level 4. HP: 23/40 MP: 3/3
  1443 | D:2      | Reached XP level 5. HP: 26/46 MP: 4/4
  1467 | D:2      | Noticed Jessica
  1469 | D:2      | Killed Jessica
  1806 | D:2      | Killed Crazy Yiuf
  1807 | D:2      | Reached XP level 6. HP: 54/55 MP: 5/5
  2168 | D:3      | Reached XP level 7. HP: 56/61 MP: 6/6
  2492 | D:4      | Found an ancient bone altar of Kikubaaqudgha.
  2500 | D:4      | Found a hazy altar of Hepliaklqana.
  2501 | D:4      | Found an opulent altar of Gozag.
  2501 | D:4      | Found an iron altar of Okawaru.
  2501 | D:4      | Found a sacrificial altar of Ru.
  2515 | D:4      | Found a shadowy altar of Dithmenos.
  2935 | D:4      | Found a staircase to the Ecumenical Temple.
  3261 | D:4      | Found Bedaan's Magic Scroll Emporium.
  3310 | D:4      | Bought a scroll of identify for 24 gold pieces
  3310 | D:4      | Bought a scroll of remove curse for 36 gold pieces
  3310 | D:4      | Bought a scroll of magic mapping for 42 gold pieces
  3310 | D:4      | Bought a scroll of teleportation for 36 gold pieces
  3310 | D:4      | Bought a scroll of teleportation for 36 gold pieces
  3543 | D:5      | Entered Level 5 of the Dungeon
  3566 | D:5      | Reached skill level 10 in Axes
  3785 | D:5      | Reached XP level 8. HP: 46/68 MP: 5/5
  4472 | D:6      | Found a glowing drain.
  4497 | Sewer    | Entered a sewer
  4930 | D:6      | Got a masterwork helmet
  4951 | D:6      | Gained mutation: You passively map the area around you.
                  | [Deep Dwarf growth]
  4951 | D:6      | Reached XP level 9. HP: 36/74 MP: 4/4
  5624 | D:7      | Found Joevveycs's Assorted Antiques.
  5661 | D:7      | Bought a scroll labelled BAMOIW FIJEJETTIO for 26 gold
                  | pieces
  5661 | D:7      | Bought a scroll of remove curse for 78 gold pieces
  5661 | D:7      | Bought a scroll labelled GIRUWEECUCS for 26 gold pieces
  5661 | D:7      | Bought a sedimented emerald potion for 23 gold pieces
  5661 | D:7      | Bought a scroll of identify for 52 gold pieces
  5661 | D:7      | Bought a scroll labelled ALLORI XADAFUTH for 26 gold pieces
  5680 | D:7      | Identified the +2 helmet of Osurhib {Str+6 Int+3} (You
                  | found it on level 6 of the Dungeon)
  5851 | D:7      | Noticed Menkaure
  5857 | D:7      | Killed Menkaure
  5865 | D:7      | Noticed Pikel
  5907 | D:7      | Killed Pikel
  5914 | D:7      | Noticed Prince Ribbit
  5949 | D:7      | Killed Prince Ribbit
  6332 | D:7      | Reached skill level 15 in Axes
  6332 | D:7      | Reached XP level 10. HP: 35/81 MP: 0/4
  7012 | Temple   | Entered the Ecumenical Temple
  7127 | Temple   | Became a worshipper of Makhleb the Destroyer
  7298 | D:4      | Bought a scroll of holy word for 90 gold pieces
  7298 | D:4      | Bought a scroll of blinking for 90 gold pieces
  7298 | D:4      | Bought a scroll of enchant armour for 90 gold pieces
  7298 | D:4      | Bought a scroll of enchant weapon for 90 gold pieces
  7609 | D:8      | Found a transporter.
  7727 | D:8      | Found a one-way gate to the infinite horrors of the Abyss.
  7727 | D:8      | Noticed Contigo's ghost (novice MiGl)
  7728 | D:8      | Noticed a white ugly thing
  7738 | D:8      | Found a transporter.
  7794 | D:8      | Noticed a gargoyle
  7808 | D:8      | Killed a gargoyle
  7809 | D:8      | Noticed a cyclops
  7848 | D:8      | Killed a cyclops
  8051 | D:8      | Found a roughly hewn altar of Beogh.
  8324 | D:8      | Reached * piety under Makhleb
  8393 | D:9      | Noticed a centaur warrior
  8404 | D:9      | Killed a centaur warrior
  8441 | D:9      | Noticed a wizard
  8452 | D:9      | Noticed Contigo's ghost (novice MiBe)
  8455 | D:9      | Noticed a toenail golem
  8459 | D:9      | Found a transporter.
  8546 | D:9      | Found a transporter.
  8592 | D:9      | Noticed an elephant
  8881 | D:8      | Killed Contigo's ghost
  8914 | D:8      | Killed a white ugly thing
  8917 | D:8      | Reached XP level 11. HP: 67/88 MP: 0/4
  9014 | D:9      | Found a staircase to the Lair.
  9459 | D:10     | Entered Level 10 of the Dungeon
  9665 | D:4      | Bought a scroll of teleportation for 36 gold pieces
 10269 | D:10     | Reached skill level 10 in Shields
 10276 | D:10     | Reached ** piety under Makhleb
 10333 | D:10     | Found a large runed translucent door.
 10334 | D:10     | Found a large runed translucent door.
 10351 | D:10     | Noticed DemonSlayer's ghost (journeyman HuBe)
 10372 | D:10     | Killed DemonSlayer's ghost
 10685 | D:10     | Noticed Erolcha
 10696 | D:10     | Killed Erolcha
 11261 | D:10     | Identified a scroll of acquirement
 11441 | D:11     | Found a staircase to the Orcish Mines.
 11863 | D:11     | Reached *** piety under Makhleb
 11999 | D:11     | Killed an unseen horror
 12322 | D:12     | Noticed a boulder beetle
 12334 | D:12     | Reached XP level 12. HP: 82/96 MP: 0/5
 12363 | D:12     | Killed a boulder beetle
 12605 | D:12     | Reached **** piety under Makhleb
 12714 | D:12     | Noticed a two-headed ogre
 12725 | D:12     | Killed a two-headed ogre
 12779 | D:12     | Reached skill level 15 in Shields
 12846 | D:13     | Reached skill level 1 in Throwing
 13170 | D:13     | Found Cuaxaseps's Armour Shoppe.
 13196 | D:13     | Bought a +0 pair of gloves for 49 gold pieces
 13238 | D:11     | Got a steaming war axe
 13239 | D:11     | Identified the +7 war axe of Ynoum {drain, +Fly rElec Str-4
                  | Stlth+} (You found it on level 11 of the Dungeon)
 13405 | D:13     | Reached skill level 5 in Throwing
 13883 | D:14     | Reached skill level 1 in Invocations
 13886 | D:14     | Noticed a five-headed hydra
 13923 | D:14     | Killed a five-headed hydra
 13924 | D:14     | Reached skill level 1 in Evocations
 13925 | D:14     | Reached skill level 1 in Dodging
 13926 | D:14     | Reached skill level 2 in Invocations
 13969 | D:14     | Reached skill level 3 in Invocations
 13969 | D:14     | Reached XP level 13. HP: 88/104 MP: 0/7
 14484 | D:14     | Reached skill level 4 in Invocations
 14514 | D:14     | Reached skill level 5 in Invocations
 14573 | D:14     | Reached skill level 5 in Fighting
 14575 | D:14     | Reached skill level 6 in Invocations
 14605 | D:14     | Reached skill level 7 in Invocations
 15001 | D:14     | Reached skill level 5 in Evocations
 15023 | D:14     | Found a gate to the Vaults.
 15037 | D:14     | Reached skill level 8 in Invocations
 15108 | D:15     | Entered Level 15 of the Dungeon
 15155 | D:15     | Found a staircase to the Depths.
 15295 | D:15     | Got a pair of transparent boots
 15306 | D:15     | Identified the +2 pair of boots "Solewnutz" {Stlth+} (You
                  | found it on level 15 of the Dungeon)
 15327 | D:15     | Gained mutation: You resist negative energy. (rN+) [Deep
                  | Dwarf growth]
 15327 | D:15     | Reached XP level 14. HP: 55/121 MP: 0/9
 15353 | D:15     | Reached skill level 5 in Dodging
 15374 | D:15     | Acquired 1117 gold pieces
 15391 | D:15     | Reached skill level 9 in Invocations
 15459 | D:15     | Noticed Agnes
 15473 | D:15     | Killed Agnes
 15798 | D:15     | Reached skill level 10 in Invocations
 16578 | D:9      | Killed Contigo's ghost
 16628 | D:9      | Identified the Catalogue of Sinister Secrets and the
                  | Compass
 16716 | Orc:1    | Entered Level 1 of the Orcish Mines
 16957 | Orc:1    | Reached skill level 11 in Invocations
 16960 | Orc:1    | Found a bloodstained altar of Trog.
 17086 | Orc:1    | Reached ***** piety under Makhleb
 17149 | Orc:1    | Noticed Snorg
 17162 | Orc:1    | Killed Snorg
 17320 | Orc:2    | Entered Level 2 of the Orcish Mines
 17412 | Orc:2    | Found a roughly hewn altar of Beogh.
 17431 | Orc:2    | Found a roughly hewn altar of Beogh.
 17456 | Orc:2    | Found a frozen archway.
 17482 | IceCv    | Entered an ice cave
 17508 | IceCv    | Got a clouded jade ring
 19116 | Orc:2    | Identified the ring "Toobrab" {rC++ rCorr Dex+4} (You found
                  | it in an ice cave)
 19382 | Orc:2    | Found Nylonoruxt's Gadget Shoppe.
 19418 | Orc:2    | Bought a wand of digging (4) for 192 gold pieces
 19418 | Orc:2    | Bought a lightning rod (4/4) for 360 gold pieces
 19418 | Orc:2    | Bought a wand of disintegration (17) for 252 gold pieces
 19418 | Orc:2    | Bought a wand of disintegration (13) for 204 gold pieces
 19418 | Orc:2    | Bought a wand of flame (10) for 72 gold pieces
 19418 | Orc:2    | Bought a phial of floods for 480 gold pieces
 19418 | Orc:2    | Bought a wand of polymorph (6) for 96 gold pieces
 19418 | Orc:2    | Bought a wand of polymorph (4) for 72 gold pieces
 19418 | Orc:2    | Bought a wand of flame (11) for 78 gold pieces
 19423 | Orc:2    | Found Zetegr Jufi's Jewellery Boutique.
 19436 | Orc:2    | Bought an uncursed ring of see invisible for 195 gold
                  | pieces
 19719 | Orc:2    | Found Dackem's Gadget Shoppe.
 19738 | Orc:2    | Bought a box of beasts for 480 gold pieces
 19738 | Orc:2    | Bought a wand of flame (17) for 114 gold pieces
 19743 | Orc:2    | Found Riof's Magic Scroll Boutique.
 19760 | Orc:2    | Bought a scroll of identify for 30 gold pieces
 19890 | Orc:2    | Found a staircase to the Elven Halls.
 20191 | Lair:1   | Entered Level 1 of the Lair of Beasts
 20310 | Lair:1   | Reached skill level 12 in Invocations
 20442 | Lair:1   | Found a shimmering blue altar of Sif Muna.
 20682 | Lair:1   | Reached XP level 15. HP: 135/135 MP: 0/10
 22837 | Lair:2   | Found a staircase to the Snake Pit.
 24195 | Lair:3   | Found a runed translucent gate.
 24195 | Lair:3   | Found a runed translucent gate.
 24196 | Lair:3   | Found a runed translucent gate.
 24223 | Lair:3   | Noticed Ruicvywi's ghost (journeyman OgTm)
 24236 | Lair:3   | Killed Ruicvywi's ghost
 24309 | Lair:3   | Found a staircase to the Swamp.
 25049 | Lair:4   | Reached skill level 10 in Fighting
 25055 | Lair:4   | Reached skill level 13 in Invocations
 25310 | Lair:4   | Noticed Nessos
 25324 | Lair:4   | Killed Nessos
 26229 | Orc:2    | Bought a scroll of identify for 30 gold pieces
 26229 | Orc:2    | Bought a scroll of magic mapping for 52 gold pieces
 26229 | Orc:2    | Bought a scroll of identify for 30 gold pieces
 26229 | Orc:2    | Bought a scroll of teleportation for 45 gold pieces
 26229 | Orc:2    | Bought a scroll of fear for 52 gold pieces
 26229 | Orc:2    | Bought a scroll of fear for 52 gold pieces
 26229 | Orc:2    | Bought a scroll of remove curse for 45 gold pieces
 26229 | Orc:2    | Bought a scroll of teleportation for 45 gold pieces
 26238 | Orc:2    | Bought a wand of enslavement (4) for 72 gold pieces
 27154 | Lair:5   | Reached skill level 10 in Evocations
 27316 | Lair:5   | Reached skill level 14 in Invocations
 27731 | Lair:6   | Entered Level 6 of the Lair of Beasts
 27952 | Lair:6   | Noticed queenofzan's ghost (journeyman MiBe)
 27955 | Lair:6   | Found a transporter.
 27961 | Lair:6   | Found a transporter.
 28131 | Lair:6   | Found a staircase to the Slime Pits.
 28969 | Lair:6   | Reached XP level 16. HP: 149/150 MP: 0/12
 29405 | Lair:6   | Killed queenofzan's ghost
 29592 | Lair:6   | Got a scorched iron ring
 29608 | Lair:6   | Identified the ring of Rugushepi {*Contam rF+++ rC+ Slay+2
                  | Stlth-} (You found it on level 6 of the Lair of Beasts)
 29909 | Snake:1  | Entered Level 1 of the Snake Pit
 29940 | Snake:1  | Noticed Asterion
 29941 | Snake:1  | Noticed an Executioner
 29995 | Snake:1  | Killed Asterion
 29996 | Snake:1  | Reached skill level 15 in Invocations
 30084 | Swamp:1  | Entered Level 1 of the Swamp
 30119 | Swamp:1  | Noticed Kirke
 30135 | Swamp:1  | Noticed a thorn hunter
 30148 | Lair:3   | Killed Kirke
 30679 | Swamp:1  | Killed a thorn hunter
 30966 | Swamp:1  | Noticed Frances
 30984 | Swamp:1  | Killed Frances
 30985 | Swamp:1  | Reached skill level 16 in Invocations
 31717 | Snake:1  | Found a broken altar of Ashenzari.
 31846 | Snake:1  | Reached skill level 10 in Dodging
 32030 | Snake:1  | Reached skill level 17 in Invocations
 32527 | Snake:2  | You fall into a shaft and drop 1 floor!
 32822 | Snake:3  | Reached XP level 17. HP: 129/162 MP: 0/10
 32997 | Snake:3  | Reached skill level 18 in Invocations
 33029 | Snake:3  | Got a translucent pewter ring
 33185 | Snake:2  | Slain by a nagaraja

Illustrated notes

Levels and vault maps discovered:
D:1:      dpeg_cavernosity, layout_basic, minmay_3d_cube
D:2:      layout_loops_ring, minmay_pentomino_q2, uniq_crazy_yiuf_cottage,
          uniq_jessica, uniq_sigmund
D:3:      cheibrodos_helix_gallery, layout_basic
D:4:      layout_loops_ring, grunt_temple_overflow_open,
          minmay_temple_entry_grid, serial_shops, nicolae_shop_window_shopping,
          chequers_arboretum
D:5:      minmay_polygon_palace, layout_cave_pools, minmay_misc_feat_columns
D:6:      layout_rooms, lightli_sewer_entry_pipes
D:7:      layout_layer_cave, serial_shops, shop_statue, uniq_prince_ribbit1,
          uniq_menkaure, uniq_pikel
D:8:      layout_loops_ring, gammafunk_ghost_abyssal_escape, special_room
          [special_room_orc], minmay_small_thing
D:9:      layout_irregular_city, david_lair_generic,
          gammafunk_ghost_abyssal_escape, minmay_misc_feat_diagonals
D:10:     layout_layer_cave, ebering_ghost_disaster_area, uniq_erolcha
D:11:     layout_loops_ring, orc_0_dummy, hangedman_tell_no_tales
D:12:     minmay_bloctagon_deflated, layout_rooms, minmay_misc_feat_square,
          the_bakery
D:13:     layout_roguey, serial_shops, nicolae_shop_trees
D:14:     layout_basic, lightli_vaults_fourway_checkpoint,
          minmay_misc_feat_plants
D:15:     gammafunk_depths_entry_grave, layout_irregular_city, uniq_agnes
Temple:   regret_index_temple_sphere_string
Lair:1:   layout_cave_pods, lemuel_centaur_altar
Lair:2:   layout_layer_cave, dummy_snake_entry
Lair:3:   layout_roguey, minmay_swamp_entry_reptiles,
          maelrawn_ghost_gauntlet_escape, serial_bayou_shore_b,
          serial_bayou_shore_b, lemuel_fruit_fields
Lair:4:   layout_cave_pods, uniq_nessos
Lair:5:   layout_long_grid, nicolae_lair_yak_garden, grunt_megastairs_3
Lair:6:   hangedman_lair_in_review, layout_loops_ring,
          nicolae_slime_entry_slimehenge, gammafunk_ghost_berserking_beasts,
          ldierk_geyser
Swamp:1:  layout_basic_swamp, serial_swamp_ruin, evilmike_swamp_ruin_house_4,
          evilmike_swamp_ruin_rubble_1, evilmike_swamp_ruin_house_1,
          swamp_pool2, uniq_frances, uniq_kirke
Snake:1:  layout_concentric_octagons, lemuel_altar_in_water2,
          grunt_megastairs_5, uniq_asterion
Snake:2:  cheibrodos_snake_ritualist_ritual, layout_onion_interference,
          serial_shops, nicolae_shop_trees, serial_bayou_pond_d,
          hangedman_snake_sidewinding
Snake:3:  layout_onion_interference, drop_trap
Orc:1:    layout_diamond_mine, bloody_trog, uniq_snorg
Orc:2:    st_orc_town, layout_caves, portal_ice_cave_entry_imps, basic_altar,
          minmay_orc_barracks

Skill      XL: |  1  2  3  4  5  6  7  8  9 10 11 12 13 14 15 16 17 |
---------------+----------------------------------------------------+-----
Axes           | 3 6 7 8 10 12 15 16 | 16.0
Shields        | 8 13 15 | 15.0
Throwing       | 6 |  6.0
Invocations    | 3 8 12 14 17 18 | 18.0
Fighting       | 3 6 9 11 12 | 12.6
Evocations     | 1 6 8 10 12 | 12.0
Dodging        | 1 4 7 8 10 | 10.4
Armour         | |  3.2

Action                   |  1- 3 |  4- 6 |  7- 9 | 10-12 | 13-15 | 16-18 || total
-------------------------+-------+-------+-------+-------+-------+-------++-------
Melee: War axe           |   103 |    86 |   627 |   697 |  1500 |   570 ||  3583
Invok: Lesser Servant of |       |       |       |     4 |    54 |     2 ||    60
       Major Destruction |       |       |       |       |     2 |       ||     2
       Greater Servant o |       |       |       |       |     2 |       ||     2
 Abil: Heal Wounds       |     1 |     4 |    19 |    18 |    28 |    25 ||    95
Evoke: Wand              |       |       |       |       |     4 |       ||     4
  Use: Scroll            |       |       |    16 |     8 |    18 |     5 ||    47
       Potion            |       |       |       |     1 |     3 |       ||     4
 Stab: Distracted        |       |       |       |       |     5 |     1 ||     6
       Confused          |       |       |       |       |     1 |       ||     1
       Sleeping          |       |       |       |       |       |     2 ||     2
Armor: Scale mail        |    31 |    42 |   286 |    84 |       |       ||   443
       Plate armour      |       |       |       |   128 |   567 |   168 ||   863
       Swamp dragon scal |       |       |       |       |       |    86 ||    86
Dodge: Dodged            |    28 |    32 |   175 |   121 |   374 |   223 ||   953
Block: Kite shield       |    50 |    47 |   314 |   340 |   856 |   426 ||  2033
